AoeStats
← Iguano Pop

Arabia

509038231Analyzed
1v1 RM · 7d ago on Sep 25, 2026· 23m 45s· 2 players
Game mode
Random Map
Map size
Tiny (2 player)
Population
200
Speed
Normal
Resources
Standard
Victory
Conquest
Starting age
Dark Age
Ending age
Imperial Age
RankedLock teamsTeams togetherTeam positionsShared explorationLock speedFull tech treeHidden civsTurbo modeCheats
Victory
Defeat
🇲🇽 Japanese · Mexico
1341
+15
🇨🇦 Goths · Canada
1319
-15
Al Qaex (FR/QC)
7:06 Loom
9:16 Feudal Age
9:36 Man-at-Arms
18:06 Forging
17:49 Fletching
23:56 Castle Age
22:44 Horse Collar
23:09 Scale Mail Armor
23:35 Double-Bit Axe
Iguano Pop
6:38 Loom
9:31 Feudal Age
9:57 Double-Bit Axe
10:33 Man-at-Arms
16:35 Fletching
18:02 Padded Archer Armor
24:54 Castle Age
23:04 Gold Mining
23:28 Scale Mail Armor
Connection lost

Rejoining the realm…

Still unreachable

The connection could not be restored.

Session expired

The server has moved on; the page needs a fresh start.